 Dungeon Crawl Stone Soup version 0.29-a0-477-g62b78b4225 (webtiles) character file.

Game seed: 18159362692460402274

32 Infinimo the Cudgeller (level 3, -1/28 HPs)
             Began as a Demonspawn Gladiator on May 24, 2022.
             Slain by an orc
             ... wielding a +0 mace
              (2 damage)
             ... on level 2 of the Dungeon.
             The game lasted 00:00:42 (825 turns).

Infinimo the Cudgeller (Demonspawn Gladiator)        Turns: 825, Time: 00:00:43

Health: -1/28      AC:  3    Str: 14    XL:     3   Next: 10%
Magic:  3/3        EV: 12    Int: 11    God:
Gold:   68         SH:  0    Dex: 14    Spells: 2/2 levels left

rFire   . . .      SeeInvis .   a - +0 flail
rCold   . . .      Faith    .   (no shield)
rNeg    . . .      Spirit   .   b - +0 leather armour
rPois   .          Reflect  .   (helmet restricted)
rElec   .          Harm     .   (no cloak)
rCorr   .          Rampage  .   (no gloves)
Will    .....                   (no boots)
Stlth   +.........              (no amulet)
HPRegen 0.09/turn               (no ring)
MPRegen 0.16/turn               (no ring)

@: no status effects
A: antennae 1, magic regeneration
a: no special abilities


You were on level 2 of the Dungeon.
You visited 1 branch of the dungeon, and saw 2 of its levels.

You collected 68 gold pieces.

Inventory:

Hand Weapons
 a - a +0 flail (weapon)
Missiles
 d - 3 throwing nets (quivered)
 e - a javelin
Armour
 b - a +0 leather armour (worn)
 c - a +0 helmet
Jewellery
 f - an amulet of reflection
Scrolls
 g - a scroll of summoning {unknown}
 i - a scroll of identify {unknown}
 k - a scroll of amnesia {unknown}
 l - a scroll of teleportation {unknown}
Potions
 h - a potion of curing {unknown}
 j - a potion of heal wounds {unknown}
 m - a potion of brilliance {unknown}


   Skills:
 + Level 2.4 Fighting
 * Level 3.3 Maces & Flails
 - Level 1.7 Throwing
 + Level 3.0 Dodging


You had 2 spell levels left.
You didn't know any spells.
Your spell library was empty.

Dungeon Overview and Level Annotations

Branches:
Dungeon (1/15)

Altars:


Innate Abilities, Weirdness & Mutations

You have a pair of small antennae on your head.
You regenerate magic rapidly.


Message History

A kobold comes into view. It is wielding a +0 whip.
The kobold shouts!
A hobgoblin comes into view.
The orc priest sings a few bars from the Orcish anthem.
An adder comes into view.
The hobgoblin shouts!
The adder hisses angrily.
You kill the goblin!
The orc hits you with a +0 mace.
The orc priest hits you with a +0 hand axe.
The orc hits you with a +0 mace!
The orc priest is moderately wounded.
The orc priest hits you with a +0 hand axe!
You are too injured to fight recklessly!
You are too injured to fight recklessly!
You are too injured to fight recklessly!
You are too injured to fight recklessly!
You are too injured to fight recklessly!
You are too injured to fight recklessly!
You are too injured to fight recklessly!
You are too injured to fight recklessly!
You are too injured to fight recklessly!
You are too injured to fight recklessly!
You are too injured to fight recklessly!
You are too injured to fight recklessly!
You are too injured to fight recklessly!
You are too injured to fight recklessly!
You are too injured to fight recklessly!
You are too injured to fight recklessly!
You are too injured to fight recklessly!
You are too injured to fight recklessly!
Unknown command.
The orc priest is severely wounded.
The orc priest mumbles some strange prayers to Beogh against you.
Pain shoots through your body!
* * * LOW HITPOINT WARNING * * *
The orc priest is severely wounded.
The kobold hits you with a +0 whip.
* * * LOW HITPOINT WARNING * * *
The orc hits you with a +0 mace.
You die...

≈≈≈P ≈≈≈≈ ###. .
.≈≈ ....( #≈ ≈≈
.... ##.
##.####..## #
#...#...#....>##..
...........#...#.#
......†.o....#.#.#
.......@oS.......#
.......Kg..#.....#
#...#...#..#.....#
##. ##.####..#.#.#
#≈ #w≈ ##.....## .
≈.≈≈ #.#.#..#
≈g≈≈≈ #......#####
≈≈≈≈≈ ####.#.....#
#.......#


You could see an orc priest, an adder, a dart slug, an orc, a hobgoblin and a
kobold.

Vanquished Creatures
  An orc (D:2)
  4 bats (D:1)
  3 giant cockroaches (D:1)
  5 goblins
  4 hobgoblins (D:1)
  3 jackals (D:1)
  A kobold (D:1)
  A ball python (D:2)
  2 frilled lizards (D:1)
  4 rats
28 creatures vanquished.

Vanquished Creatures (others)
  5 fungi (D:2)
  8 plants (D:2)
13 creatures vanquished.

Grand Total: 41 creatures vanquished

Notes
Turn   | Place    | Note
-------+----------+-------------------------------------------
     0 | D:1      | Infinimo the Demonspawn Gladiator began the quest for the
                  | Orb.
     0 | D:1      | Reached XP level 1. HP: 16/16 MP: 1/1
   248 | D:1      | Gained mutation: You have a pair of small antennae on your
                  | head. [demonic ancestry]
   248 | D:1      | Reached XP level 2. HP: 22/22 MP: 2/2
   723 | D:1      | You fall into a shaft and drop 1 floor!
   772 | D:2      | Gained mutation: You regenerate magic rapidly. [demonic
                  | ancestry]
   772 | D:2      | Reached XP level 3. HP: 28/28 MP: 3/3
   774 | D:2      | Identified the +5 chain mail of the Albatross {rElec rPois
                  | Str-5}
   825 | D:2      | HP: 1/28 [kobold/+0 whip (1)]
   825 | D:2      | Slain by an orc

Illustrated notes

Levels and vault maps discovered:
D:1:      dpeg_arrival_radiant, layout_basic, st_stairs_3, minmay_liquid_box,
          minmay_tetromino_o2
D:2:      wad_lake_hut, layout_rooms, dreamdust_ecumenical_altar_grove,
          serial_glass, glass_columns_a, glass_columns_a

Skill      XL: |  1  2 |
---------------+-------+-----
Maces & Flails | 3 |  3.3
Dodging        | 3 |  3.0
Fighting       | |  2.4
Throwing       | |  1.7

Action                   || total
-------------------------++-------
Melee: Flail             ||    74
Armor: Leather armour    ||    20
Dodge: Dodged            ||    57

Table legend: (Time is in decaauts)
 A = Elapsed time spent in this place.
 B = Non-inter-level travel time spent in this place.
 C = Inter-level travel time spent in this place.
 D = Time resting spent in this place.
 E = Time spent auto-exploring this place.
 F = Levels seen in this place.
 G = Mean time per level.
                   A        B        C        D        E       F      G
               +--------+--------+--------+--------+--------+-----+--------+
         Total |    842 |    842 |      0 |      0 |    681 |   2 |  421.0 |
       Dungeon |    842 |    842 |      0 |      0 |    681 |   2 |  421.0 |
               +--------+--------+--------+--------+--------+-----+--------+

Top non-repeatable levels by time:
     D:1: 738 daAuts
     D:2: 104 daAuts
